[Event "Masters Tournament (MTO)"]
[Site "Biel, Switzerland"]
[Date "2026.07.16"]
[Round "4.24"]
[White "Tan, Jimmy"]
[Black "Cervelli, Eduard"]
[Result "1/2-1/2"]
[TimeControl "100+30+30sec/move"]
[WhiteTitle "-"]
[BlackTitle "-"]
[WhiteFideId "129057499"]
[BlackFideId "1351800"]
[WhiteElo "1953"]
[BlackElo "2197"]

1. d4 Nf6 2. Bf4 g6 3. Nc3 d5 4. e3 Bg7 5. h4 h5 6. Nf3 O-O 7. Ne5 c5 8. Be2 cxd4 9. exd4 Nc6 10.
Qd2 Bf5 11. f3 Rc8 12. a3 a5 13. Bb5 Qb6 14. Bxc6 bxc6 15. b3 c5 16. Na4 Qe6 17. Nxc5 Rxc5 18. dxc5 Nd7 19. O-O Bxe5 20.
Bxe5 Qxe5 21. Rfe1 Qc7 22. Qxd5 e6 23. Qd6 Qxc5+ 24. Qxc5 Nxc5 25. b4 Na6 26. b5 Nc5 27. Re2 a4 28.
Ra2 Rb8 29. Rb2 Kf8 30. Rb4 Ke7 31. g4 hxg4 32. fxg4 Be4 33. Rexe4 Nxe4 34. Rxe4 Rxb5 35. Rxa4 Rb2 36. Ra7+ Kf6 37.
g5+ Ke5 38. Rxf7 Rxc2 39. h5 gxh5 40. g6 Rc4 41. Rf2 Rc7 42. Rf7 Rc4 43. Rf2 Rc7 44. Rg2 Rg7 45. a4 Kd6 46. Kh2 Ke7 47. a5 Kf8 48. Kh3 Ra7 49. Rg5 Kg7 50. Kh4 e5 51. Kxh5 Rxa5 52.
Rf5 Ra8 53. Rf7+ Kg8 54. Re7 e4 55. Kh6 e3 56. Rxe3 Rb8 57. Re7 Ra8 58. Kg5 Rb8 59. Kf6 Rb6+ 60. Re6 Rxe6+ 61. Kxe6 Kg7 62.
Kf5 Kg8 63. Kg4 Kg7 64. Kg5 Kg8 65. Kf6 Kf8 66. g7+ Kg8 67. Kg6 1/2-1/2

[Event "Masters Tournament (MTO)"]
[Site "Biel, Switzerland"]
[Date "2026.07.16"]
[Round "4.25"]
[White "Ivana Maria, Furtado"]
[Black "Aryan, Mehta"]
[Result "1-0"]
[TimeControl "100+30+30sec/move"]
[WhiteTitle "-"]
[BlackTitle "-"]
[WhiteFideId "5048400"]
[BlackFideId "33329664"]
[WhiteElo "2182"]
[BlackElo "1979"]

1. d4 Nf6 2. c4 e6 3. g3 Bb4+ 4. Bd2 Qe7 5. Bg2 Nc6 6. e3 O-O 7. Ne2 Bxd2+ 8. Nxd2 d6 9. O-O e5 10.
d5 Nb8 11. b4 a5 12. a3 Nfd7 13. Nb3 a4 14. Nd2 f5 15. Qc2 g5 16. Nc3 e4 17. Nxa4 Ne5 18. Nc3 g4 19. Ne2 Nf3+ 20.
Bxf3 gxf3 21. Nf4 Nd7 22. Rfc1 Ne5 23. c5 Rf6 24. cxd6 cxd6 25. Nc4 Nd3 26. Nxd3 exd3 27. Qxd3 Qe8 28.
Nb6 Qh5 29. Nxc8 Rh6 30. Ne7+ 1-0

[Event "Masters Tournament (MTO)"]
[Site "Biel, Switzerland"]
[Date "2026.07.16"]
[Round "4.26"]
[White "Lumsdon, Andrew"]
[Black "Fogo Esquivel, Levi Kalani Alexander"]
[Result "0-1"]
[TimeControl "100+30+30sec/move"]
[WhiteTitle "-"]
[BlackTitle "-"]
[WhiteFideId "1308840"]
[BlackFideId "5183189"]
[WhiteElo "2033"]
[BlackElo "2125"]

1. e4 e5 2. Nf3 Nc6 3. Nc3 Nf6 4.
g3 Nxe4 5. Nxe4 d5 6. Bb5 dxe4 7. Nxe5 Qd5 8. Nxc6 Qxb5 9.
Nd4 Qd5 10. c3 Bc5 11. Qb3 Qe5 12. O-O O-O 13. Ne2 Be6 14. Qc2 Bc4 15. Re1 Bd3 16. Qb3 Qh5 17. Nf4 Qf3 18. Nxd3 exd3 19.
Rf1 Rae8 20. Qc4 Bxf2+ 0-1

[Event "Masters Tournament (MTO)"]
[Site "Biel, Switzerland"]
[Date "2026.07.16"]
[Round "4.27"]
[White "Udelnov, Valentin"]
[Black "Morrison, Joseph"]
[Result "1-0"]
[TimeControl "100+30+30sec/move"]
[WhiteTitle "-"]
[BlackTitle "-"]
[WhiteFideId "16265734"]
[BlackFideId "479535"]
[WhiteElo "2269"]
[BlackElo "2048"]

1. e4 c6 2. d4 d5 3. e5 c5 4. dxc5 Nc6 5. f4 Nh6 6. Be3 Nf5 7. Bf2 h5 8. Nf3 e6 9. Nbd2 Qa5 10. Bd3 Bxc5 11. Qe2 Bxf2+ 12. Qxf2 Qb4 13. Bxf5 exf5 14.
Qg3 g6 15. O-O h4 16. Qg5 Rh5 17. Qf6 Qxf4 18. c4 Be6 19. Rae1 Nd8 20. Rf2 Rc8 21. cxd5 Bxd5 22. Qd6 Be6 23. Nd4 Qg5 24. Nb5 Qe7 25. Qd3 Rc5 26. Nd6+ Kf8 27. Nf3 Nc6 28.
Qe3 Ra5 29. b4 Rd5 30. Rd2 a6 31. a3 g5 32. Nxf5 Qd7 33. Nd6 Rxd2 34. Nxd2 g4 35. Qc5 Kg7 36. Qc3 Ne7 37. N2e4 Qc6 38.
Nc5 b6 39. Nxe6+ fxe6 40. Qd4 Rh6 41. Rf1 Nf5 42. Nxf5+ exf5 43. Rxf5 Kh7 44. Rf7+ Kg8 45. e6 Qc1+ 46. Rf1 Qg5 47.
Qxb6 1-0

[Event "Masters Tournament (MTO)"]
[Site "Biel, Switzerland"]
[Date "2026.07.16"]
[Round "4.28"]
[White "Joly, Julien"]
[Black "Heitmann, Erik"]
[Result "1-0"]
[TimeControl "100+30+30sec/move"]
[WhiteTitle "-"]
[BlackTitle "-"]
[WhiteFideId "26082284"]
[BlackFideId "34608940"]
[WhiteElo "2257"]
[BlackElo "1949"]

1. e4 c5 2. Nf3 d6 3. d4 cxd4 4. Nxd4 Nf6 5. Nc3 a6 6. g3 e5 7. Nb3 Qc7 8. Bg5 Nbd7 9. a4 b6 10.
Bg2 h6 11. Be3 Bb7 12. O-O Be7 13. Re1 h5 14. h3 O-O 15. Qe2 Rac8 16. Nd2 Rfe8 17. Rac1 Bf8 18. g4 hxg4 19. hxg4 g6 20.
Bf3 Nc5 21. g5 Nh7 22. Bg4 Rcd8 23. Qc4 a5 24. Nd5 Bxd5 25. exd5 Qe7 26. Nf3 Bg7 27. Rb1 e4 28. Bf4 f5 29. Bh3 Qd7 30. Nd4 Qxa4 31. Qxa4 Nxa4 32.
Ne6 Rd7 33. Bf1 Ree7 34. Bb5 Nc5 35. Bxd7 Rxd7 36. Nxg7 Kxg7 37. b4 Nb7 38. bxa5 bxa5 39.
Rb6 a4 40. Ra1 Kf7 41. Rxa4 Nc5 42. Ra8 Ke7 43. Rh8 Nf8 44. Rxf8 Kxf8 45. Bxd6+ Kf7 46. Bxc5 Rxd5 47. Rb7+ Kg8 48.
Be3 Rd6 49. Rb6 Rd1+ 50. Kg2 Kf7 51.
c4 Rd3 52. c5 Rc3 53. Rf6+ Kg7 54. Rxf5 1-0

[Event "Masters Tournament (MTO)"]
[Site "Biel, Switzerland"]
[Date "2026.07.16"]
[Round "4.30"]
[White "Oestmann, Lukas"]
[Black "Erne, Raphael"]
[Result "1/2-1/2"]
[TimeControl "100+30+30sec/move"]
[WhiteTitle "-"]
[BlackTitle "-"]
[WhiteFideId "1326457"]
[BlackFideId "1341928"]
[WhiteElo "1998"]
[BlackElo "2166"]

1. e4 c6 2. d4 d5 3. e5 c5 4.
dxc5 e6 5. Be3 Nd7 6. Bb5 Ne7 7. Bd4 Nc6 8. Bxc6 bxc6 9. b4 a5 10. a3 Ba6 11. Nd2 Be7 12. Qg4 O-O 13. f4 Kh8 14.
Ngf3 Qc7 15. Kf2 f6 16. Rhe1 f5 17. Qh5 g6 18. Qh6 Rfe8 19. h4 Qd8 20. Ng5 Bxg5 21. hxg5 Qe7 22. Nb3 axb4 23.
axb4 Bb5 24. Rh1 Nf8 25. Bc3 Qb7 26. Rxa8 Rxa8 27. Ra1 Kg8 28. Qh1 Kf7 29. Nd4 Rxa1 30. Qxa1 Ke7 31. Ke3 Ke8 32.
Qa5 Kd7 33. Qb6 Qc7 34. g3 Kd8 35. Nb3 Nd7 36. Qxc7+ Kxc7 37. Nd4 Nf8 38. Kf3 Kd7 39. g4 fxg4+ 40. Kxg4 Ba4 41. Kf3 1/2-1/2

[Event "Masters Tournament (MTO)"]
[Site "Biel, Switzerland"]
[Date "2026.07.16"]
[Round "4.31"]
[White "Von Burg, Carl Alexander"]
[Black "Vihaan, Dumir"]
[Result "0-1"]
[TimeControl "100+30+30sec/move"]
[WhiteTitle "-"]
[BlackTitle "-"]
[WhiteFideId "1352458"]
[BlackFideId "25901010"]
[WhiteElo "1947"]
[BlackElo "2132"]

1. d4 e6 2. c4 f5 3. Nf3 Nf6 4. g3 d5 5. Bg2 Bd6 6. O-O O-O 7. c5 Be7 8. Bf4 Ne4 9. Nbd2 b6 10.
Nxe4 fxe4 11. Ne5 bxc5 12. dxc5 Bxc5 13. Rc1 Bd6 14. f3 g5 15. fxe4 gxf4 16. gxf4 Bxe5 17. fxe5 Rxf1+ 18. Qxf1 d4 19.
Qf6 Qxf6 20. exf6 Na6 21. e5 Rb8 22. Rc4 Rb4 23. Rc2 c5 24. Be4 Bd7 25. e3 Be8 26. Rg2+ Kf8 27. Bxh7 Bf7 28.
a3 Rc4 29. Rd2 Nb8 30. exd4 Rxd4 31. Rc2 Nd7 32. b4 c4 33. Re2 Rd5 34. a4 Nxe5 35. b5 Nd7 36. Rf2 c3 37. Be4 Rc5 38.
Bc2 Bh5 39. Rf4 Kf7 40. Rd4 Nxf6 41. Rd8 Bg6 0-1

[Event "Masters Tournament (MTO)"]
[Site "Biel, Switzerland"]
[Date "2026.07.16"]
[Round "4.32"]
[White "Malli, Suvirr"]
[Black "Damen, Josephine"]
[Result "1-0"]
[TimeControl "100+30+30sec/move"]
[WhiteTitle "-"]
[BlackTitle "-"]
[WhiteFideId "1341855"]
[BlackFideId "1074369"]
[WhiteElo "2120"]
[BlackElo "1971"]

1. e4 e5 2. Nf3 Nc6 3. Bc4 Nf6 4. d3 Bc5 5. Nc3 d6 6. Na4 Bb6 7. a3 O-O 8. h3 Ne7 9. Nxb6 axb6 10.
O-O Ng6 11. Re1 Re8 12. Bd2 c6 13. Bb3 d5 14. exd5 Nxd5 15. d4 e4 16. Ng5 e3 17. Bxe3 Rxe3 18. Rxe3 Qxg5 19. Bxd5 Qxd5 20.
Re8+ Nf8 21. Qe2 Bxh3 22. gxh3 Qg5+ 23. Kh1 Qd5+ 24. Kh2 Rxe8 25. Qxe8 Qxd4 26. Qe3 Qxb2 27. Rd1 g6 28. Rd8 Kg7 29.
Qe8 Qxa3 30. Qe5+ Kh6 31. Rd4 f5 32. Rh4+ Kg5 33. f4+ Kxh4 34. Qf6+ 1-0

[Event "Masters Tournament (MTO)"]
[Site "Biel, Switzerland"]
[Date "2026.07.16"]
[Round "4.33"]
[White "Wenger, Arejou"]
[Black "Kunz, Andre"]
[Result "0-1"]
[TimeControl "100+30+30sec/move"]
[WhiteTitle "-"]
[BlackTitle "-"]
[WhiteFideId "1336584"]
[BlackFideId "24623652"]
[WhiteElo "1873"]
[BlackElo "2116"]

1. e4 c6 2. Nc3 d5 3. Nf3 Bg4 4.
h3 Bxf3 5. Qxf3 e6 6. d3 Nd7 7. g4 Bd6 8. Bd2 Qb6 9. O-O-O d4 10. Ne2 a5 11. Qg2 Ne7 12. f4 Bb4 13.
Ng3 Nc5 14. Nh5 Na4 15. Nxg7+ Kf8 16. Nh5 Ba3 17. Be1 Qxb2+ 18. Kd2 Bb4+ 19. Ke2 Qxc2+ 20. Rd2 Bxd2 21. Bxd2 Nc3+ 22. Kf3 Qd1+ 23.
Kg3 Nb1 24. Be2 Qxd2 25. Rxb1 b5 26. Kh2 Ke8 27. Nf6+ Kd8 28. f5 e5 29. g5 h6 30. g6 fxg6 31. fxg6 Qf4+ 32. Kh1 Qxf6 33.
g7 Rg8 34. Rf1 Qxg7 35. Qxg7 Rxg7 36. Rf8+ Kc7 37. Rxa8 Kb6 38. Re8 Kc5 39. Bg4 Kb4 40. Rh8 Kc3 41. Rxh6 Kxd3 42. Bf5 c5 43.
Re6 Nxf5 44. exf5 e4 45. f6 Rf7 46. Kg2 e3 47. h4 Kd2 48. h5 e2 0-1

[Event "Masters Tournament (MTO)"]
[Site "Biel, Switzerland"]
[Date "2026.07.16"]
[Round "4.34"]
[White "Papaux, Jeremie"]
[Black "Rosen, Noah"]
[Result "1-0"]
[TimeControl "100+30+30sec/move"]
[WhiteTitle "-"]
[BlackTitle "-"]
[WhiteFideId "1340867"]
[BlackFideId "1356267"]
[WhiteElo "2102"]
[BlackElo "1921"]

1. d4 Nf6 2. c4 g6 3. Nc3 Bg7 4. e4 d6 5. Be2 O-O 6. Be3 e5 7. d5 a5 8. g4 Na6 9. g5 Nd7 10.
h4 f5 11. gxf6 Qxf6 12. Qd2 h5 13. O-O-O Ndc5 14. Nh3 Nb4 15. Kb1 Bd7 16. Rdg1 Kh8 17. Bh6 Rg8 18. Bxg7+ Rxg7 19. a3 Nba6 20.
Qh6+ Rh7 21. Qxg6 Qxg6 22. Rxg6 Rg8 23. Rxg8+ Kxg8 24. Kc2 Kf8 25. Ng5 Rh6 26. Rf1 Bg4 27. f3 Bd7 28. f4 exf4 29.
Rxf4+ Ke8 30. Kd2 Nb3+ 31. Ke3 Nac5 32. Bd1 Ke7 33. Rf7+ Ke8 34. Rh7 Rxh7 35. Nxh7 Bg4 36. Bxb3 Nxb3 37.
Nf6+ Kf7 38. Nxg4 hxg4 39. Nb5 g3 40. Kf3 Nd2+ 41. Kxg3 Nxe4+ 42. Kf4 Nd2 43. Nxc7 Nxc4 44. Nb5 Nxb2 45.
Nxd6+ Kf6 46. Nxb7 Nc4 47. a4 Nb6 48. d6 Ke6 49. h5 Nd5+ 50. Kg5 Nf6 51. Kg6 Ng4 52. h6 Ne5 53. Kg7 Nf7 54. Nc5+ 1-0

[Event "Masters Tournament (MTO)"]
[Site "Biel, Switzerland"]
[Date "2026.07.16"]
[Round "4.35"]
[White "Scherler, Julius"]
[Black "Monteverde, Jonathan"]
[Result "1/2-1/2"]
[TimeControl "100+30+30sec/move"]
[WhiteTitle "-"]
[BlackTitle "-"]
[WhiteFideId "1337947"]
[BlackFideId "1314580"]
[WhiteElo "1941"]
[BlackElo "2098"]

1. e4 c5 2. Nf3 d6 3. d4 cxd4 4. Qxd4 Nc6 5. Qe3 Nf6 6. h3 g6 7. Be2 Bg7 8. O-O O-O 9. Rd1 Qb6 10. Qf4 Nh5 11. Qd2 Bxb2 12.
Bxb2 Qxb2 13. Nc3 Nf6 14. a3 Qb6 15. Qh6 Qc5 16. Nd5 Nxe4 17. Bd3 Qxd5 18. Bxe4 Qh5 19. Qe3 Be6 20. Rab1 d5 21.
Rb5 a6 22. Rc5 d4 23. Qg5 Qxg5 24. Nxg5 Bd7 25. c3 Rfd8 26. cxd4 Be8 27. Rb1 Nxd4 28. Rxb7 h6 29. Nf3 e6 30.
Rb6 Nxf3+ 31. Bxf3 Ra7 32. Ra5 Kg7 33. Raxa6 Rxa6 34. Rxa6 Rd4 35. Ra8 Bb5 36. Rb8 Ba4 37. Rb2 Rd3 38. Ra2 Kf6 39. Kf1 Ke5 40. Ke2 Kd4 41. Rd2 Rxd2+ 42. Kxd2 f5 43.
Bb7 e5 44. Bc8 f4 45. h4 e4 46. Ba6 Bd7 47. Bb7 Bb5 48. g3 fxg3 49. fxg3 e3+ 50. Ke1 Kc3 51. Bf3 Kd4 52. Be2 Ba4 53.
Bf3 Kd3 54. Bd1 Bc6 55. a4 Ke4 56. a5 g5 57. hxg5 hxg5 58. a6 Bb5 59. a7 Bc6 60. Ba4 Bb7 61. Ke2 Kd4 62. Be8 Ba6+ 63.
Ke1 Bb7 64. Bh5 Ke4 65. Ke2 Ba6+ 66. Ke1 Bb7 67. Be2 Kd4 68. Ba6 Bf3 69. Be2 Bb7 70. Ba6 Bf3 71. Be2 Bb7 1/2-1/2

[Event "Masters Tournament (MTO)"]
[Site "Biel, Switzerland"]
[Date "2026.07.16"]
[Round "4.36"]
[White "Schmidt, Florian Pascal"]
[Black "Jelicic, Hugo"]
[Result "0-1"]
[TimeControl "100+30+30sec/move"]
[WhiteTitle "-"]
[BlackTitle "-"]
[WhiteFideId "16256840"]
[BlackFideId "1349040"]
[WhiteElo "2095"]
[BlackElo "1907"]

1. e4 c6 2. d4 d5 3. Nc3 dxe4 4.
Nxe4 Bf5 5. Ng3 Bg6 6. N1e2 Nf6 7. h4 Nh5 8. Qd2 Nxg3 9. Nxg3 h6 10. h5 Bh7 11. Be2 e6 12. Bf3 Nd7 13.
c4 Nf6 14. O-O Be7 15. Qc3 Qc7 16. Re1 Rd8 17. Bd2 O-O 18. Rad1 Qb6 19. c5 Qc7 20. Re5 Nd7 21. Ree1 e5 22.
dxe5 Nxc5 23. Bc1 Nd3 24. Re2 Bb4 25. Qb3 Nc5 26.
Rxd8 Nxb3 27. Rxf8+ Kxf8 28. axb3 Qa5 29. Ne4 Qa1 30. Rc2 Bxe4 31. Bxe4 Bd2 0-1

[Event "Masters Tournament (MTO)"]
[Site "Biel, Switzerland"]
[Date "2026.07.16"]
[Round "4.37"]
[White "Fattori Dittmar, Luca"]
[Black "Bucher, Dominic"]
[Result "1/2-1/2"]
[TimeControl "100+30+30sec/move"]
[WhiteTitle "-"]
[BlackTitle "-"]
[WhiteFideId "34678883"]
[BlackFideId "1353144"]
[WhiteElo "1840"]
[BlackElo "2078"]

1. e4 e6 2. d4 d5 3. exd5 exd5 4. Nf3 Bd6 5. Nc3 c6 6. Bd3 Ne7 7. O-O O-O 8. Ne2 Bf5 9. Bxf5 Nxf5 10.
Qd3 Ne7 11. Bf4 Ng6 12. Bxd6 Qxd6 13. Rfe1 Nd7 14. c3 Rfe8 15. Ng3 Nf6 16. Qf5 Qc7 17. h3 Qb6 18. Qc2 a5 19. a4 h6 20.
Rad1 Qc7 21. Qf5 Rxe1+ 22. Rxe1 Re8 23. Rxe8+ Nxe8 24. Qc2 Nd6 25. Nf5 Ne4 26. c4 Nf6 27. Ne3 1/2-1/2

[Event "Masters Tournament (MTO)"]
[Site "Biel, Switzerland"]
[Date "2026.07.16"]
[Round "4.38"]
[White "Gerrits, Augustin"]
[Black "Berezovskii, Arina"]
[Result "1/2-1/2"]
[TimeControl "100+30+30sec/move"]
[WhiteTitle "-"]
[BlackTitle "-"]
[WhiteFideId "285358"]
[BlackFideId "34449850"]
[WhiteElo "2072"]
[BlackElo "1906"]

1. e4 c6 2. d4 d5 3. Nc3 dxe4 4. Nxe4 Bf5 5. Ng3 Bg6 6. h4 h6 7. Be3 e6 8. N1e2 Nf6 9. Nf4 Bh7 10.
Bd3 Bxd3 11. Qxd3 Be7 12. O-O-O Nbd7 13. Kb1 Qc7 14. c4 O-O-O 15. h5 Kb8 16. Qc2 Ng4 17. Bc1 Bd6 18. Rh4 Ndf6 19.
Ne4 Nxe4 20. Rxg4 Nf6 21. Rh4 Qa5 22. Rh3 Ka8 23. Ne2 e5 24. c5 Bb8 25. Ra3 Qc7 26. Bd2 Rd5 27. Ba5 Qd7 28.
Bb6 a6 29. Rdd3 exd4 30. Qc4 Re8 31. Nxd4 Re1+ 32. Kc2 Bf4 33. Rac3 Re4 34. Ra3 Rexd4 35. Rxa6+ bxa6 36. Qxa6+ Kb8 37.
Ba7+ Ka8 38. Bb6+ Kb8 39. Ba7+ Ka8 40. Bb6+ Kb8 41. Ba7+ 1/2-1/2

[Event "Masters Tournament (MTO)"]
[Site "Biel, Switzerland"]
[Date "2026.07.16"]
[Round "4.39"]
[White "Vedant, Nayudu"]
[Black "St Pierre, Joseph"]
[Result "0-1"]
[TimeControl "100+30+30sec/move"]
[WhiteTitle "-"]
[BlackTitle "-"]
[WhiteFideId "33369780"]
[BlackFideId "30953472"]
[WhiteElo "1797"]
[BlackElo "2067"]

1. e4 Nf6 2. e5 Nd5 3.
d4 d6 4. exd6 cxd6 5. Nf3 g6 6.
c3 Bg7 7. Be2 O-O 8. O-O Nc6 9. a4 Bf5 10. Qb3 Nb6 11. a5 Nxa5 12. Rxa5 Bxb1 13. Be3 Be4 14. Rfa1 a6 15. d5 Nd7 16.
Nd2 Nf6 17. Nxe4 Nxe4 18. f3 Nc5 19. Bxc5 dxc5 20. Rxc5 Qd6 21. Qc4 Be5 22. g3 b5 23. Qb4 Qb6 24. Kg2 Bd6 25. Rc6 Qxc6 26.
dxc6 Bxb4 27. cxb4 Rfc8 28. Rc1 e5 29. Bd3 Rc7 30. g4 Rac8 31. Be4 f5 32. Bd5+ Kg7 33. g5 Rd8 34. Rc5 Kf8 35.
Kf2 Ke7 36. Ke3 Kd6 37. h3 Re7 38. Rc2 Kc7 39. Rd2 Rd6 40. Rd1 Re8 41. Bf7 Rxd1 42. Bxe8 Rd4 43. Kf2 Rd8 44. Bd7 Rxd7 45.
cxd7 Kxd7 46. Ke3 Kd6 47. f4 Kd5 48. b3 exf4+ 49. Kd3 0-1

[Event "Masters Tournament (MTO)"]
[Site "Biel, Switzerland"]
[Date "2026.07.16"]
[Round "4.40"]
[White "Stefan, Iulia-Cristiana"]
[Black "Corbat, Philippe"]
[Result "1-0"]
[TimeControl "100+30+30sec/move"]
[WhiteTitle "-"]
[BlackTitle "-"]
[WhiteFideId "1273876"]
[BlackFideId "1304496"]
[WhiteElo "2053"]
[BlackElo "1893"]

1. d4 d5 2. Nf3 e6 3. c4 Nf6 4.
Bg5 Bb4+ 5. Nbd2 dxc4 6. e3 b5 7. a3 Bxd2+ 8. Qxd2 Qd5 9. Bf4 Nbd7 10. a4 c6 11. Be2 O-O 12. Ng5 e5 13.
dxe5 Qxd2+ 14. Kxd2 Nd5 15. axb5 cxb5 16. e6 Nc5 17. exf7+ Kh8 18. Bd6 Nb3+ 19. Ke1 Nxa1 20. Bxf8 Bd7 21.
Bd6 h6 22. Bf3 1-0

[Event "Masters Tournament (MTO)"]
[Site "Biel, Switzerland"]
[Date "2026.07.16"]
[Round "4.41"]
[White "Yang, Sung-Jui"]
[Black "Petry, Martin"]
[Result "1-0"]
[TimeControl "100+30+30sec/move"]
[WhiteTitle "-"]
[BlackTitle "-"]
[WhiteFideId "16301048"]
[BlackFideId "1352318"]
[WhiteElo "1935"]
[BlackElo "1999"]

1. d4 Nf6 2. Nf3 g6 3. c4 Bg7 4. Nc3 O-O 5. e4 d6 6. h3 e5 7. d5 a5 8. g4 Na6 9. Be3 Nc5 10.
Nd2 Bd7 11. Be2 a4 12. g5 Ne8 13. a3 f5 14. h4 f4 15. Bxc5 dxc5 16. Bg4 Qc8 17. Bxd7 Qxd7 18. Qf3 Nd6 19.
h5 Rfd8 20. Rh4 Nf7 21. Qg2 c6 22. Nf3 b5 23. dxc6 Qxc6 24. cxb5 Qb6 25. hxg6 hxg6 26. Qg4 Rd3 27. Rd1 Rxd1+ 28. Kxd1 Rd8+ 29. Ke2 Qb7 30. Rh1 Rd4 31. Nd2 Qe7 32. Nd5 Qd8 33. Qe6 Qxg5 34. Ne7+ Kf8 35. Nxg6+ 1-0

[Event "Masters Tournament (MTO)"]
[Site "Biel, Switzerland"]
[Date "2026.07.16"]
[Round "4.42"]
[White "Hajduk, Tomasz"]
[Black "Malli, Shiivesh Sunil"]
[Result "1/2-1/2"]
[TimeControl "100+30+30sec/move"]
[WhiteTitle "-"]
[BlackTitle "-"]
[WhiteFideId "21811415"]
[BlackFideId "1340409"]
[WhiteElo "1921"]
[BlackElo "1994"]

1. e4 c5 2. Nf3 Nc6 3. d4 cxd4 4.
Nxd4 g6 5. Nc3 Bg7 6. Be3 d6 7. Bc4 Nf6 8. f3 Bd7 9. Bb3 Na5 10. Qd2 Nxb3 11. Nxb3 h5 12. h4 b5 13. O-O-O a5 14.
e5 dxe5 15. Nd5 a4 16. Nc5 Bc6 17. Nxf6+ Bxf6 18. Qf2 Qc8 19. Kb1 b4 20. Rhe1 Qf5 21. Bd2 b3 22. axb3 axb3 23. Nxb3 Ba4 24.
Re4 Bxb3 25. cxb3 O-O 26. Bc3 Rfb8 27. b4 Qe6 28. Kc2 Qa2 29. Rd3 Rd8 30. Qe3 e6 31. Rxd8+ Rxd8 32. b5 Qd5 33. Qe2 Qc5 34. g4 hxg4 35.
fxg4 Rd4 36. Qf2 Qc4 37. Rxd4 exd4 38. Qxf6 dxc3 39. bxc3 Qxb5 40.
Qd4 e5 41. Qe4 Kg7 42. h5 Qc5 43. c4 Qf2+ 44. Kc3 Qc5 45. Qg2 1/2-1/2

[Event "Masters Tournament (MTO)"]
[Site "Biel, Switzerland"]
[Date "2026.07.16"]
[Round "4.43"]
[White "Di Candia, Roberto"]
[Black "Ruchat, Blaise"]
[Result "1-0"]
[TimeControl "100+30+30sec/move"]
[WhiteTitle "-"]
[BlackTitle "-"]
[WhiteFideId "856649"]
[BlackFideId "1328921"]
[WhiteElo "1988"]
[BlackElo "1912"]

1. c4 Nf6 2. Nc3 d5 3. cxd5 Nxd5 4.
Nf3 g6 5. e4 Nxc3 6. dxc3 Qxd1+ 7. Kxd1 f6 8. h4 Bg4 9. Kc2 e5 10. Be3 Nd7 11. Nd2 Bc5 12. Bxc5 Nxc5 13. b4 Nd7 14.
h5 Ke7 15. a4 g5 16. a5 a6 17. Bc4 Nf8 18. Bd5 c6 19. Bc4 Rd8 20. Nf1 Be6 21. Ne3 Bxc4 22. Nxc4 Ne6 23. g3 Nc7 24.
Rad1 Nb5 25. f3 Nd6 26. Nxd6 Rxd6 27. Rxd6 Kxd6 28. Rd1+ Ke7 29. g4 Rc8 30. c4 Rc7 31. Kc3 Rd7 32.
Rb1 Rc7 33. Rb3 Kd6 34. Kb2 Rd7 35. b5 axb5 36. cxb5 Kc5 37. bxc6 bxc6 38. a6 Ra7 39. Rb7 Rxa6 40. Rxh7 Kd6 41.
Rb7 Ra8 42. h6 Rh8 43. h7 Rc8 44. Rf7 Ke6 45. Rc7 Rb8+ 46. Kc3 Kd6 47. Rg7 Rh8 48. Kc4 c5 49. Ra7 Rc8 50. Ra6+ Ke7 51.
Ra7+ Kd6 52. Rf7 Ke6 53. Rg7 Rh8 54. Kxc5 Rc8+ 55. Kb6 Rb8+ 56. Rb7 Rc8 57. Rc7 Rb8+ 58. Ka7 Rh8 59. Kb7 Kd6 60.
Rc6+ Ke7 61. Rc8 1-0

[Event "Masters Tournament (MTO)"]
[Site "Biel, Switzerland"]
[Date "2026.07.16"]
[Round "4.44"]
[White "Wiesmann, Dominique"]
[Black "Hornung, Hans"]
[Result "1-0"]
[TimeControl "100+30+30sec/move"]
[WhiteTitle "-"]
[BlackTitle "-"]
[WhiteFideId "1308262"]
[BlackFideId "4615140"]
[WhiteElo "1978"]
[BlackElo "1924"]

1. c4 Nf6 2. g3 e5 3. Bg2 Bc5 4. Nc3 c6 5. Nf3 e4 6. Nh4 d5 7. d3 dxc4 8. dxe4 Qxd1+ 9. Nxd1 Na6 10. h3 O-O 11. Bg5 Bb4+ 12. Nc3 Nc5 13. Bxf6 gxf6 14.
O-O Bxc3 15. bxc3 Be6 16. Rac1 Rad8 17. Rc2 Rfe8 18. Rb1 Bc8 19. f3 b6 20. Kf2 Ba6 21. Nf5 Bb5 22. Ke1 Ba4 23.
Rd2 Rxd2 24. Kxd2 Rd8+ 25. Ke1 Kf8 26. Ne3 b5 27. Rb2 Rd3 28. exd3 Nxd3+ 29. Kd2 Nxb2 30. Bf1 a5 31. Be2 c5 32.
Kc1 Nd3+ 33. Bxd3 cxd3 34. Kd2 c4 35. Nd5 Kg7 36. a3 Kg6 37. f4 h6 38. g4 Bb3 39. Ne7+ Kg7 40. Nc6 b4 41.
cxb4 axb4 42. axb4 Ba4 43. Nd4 h5 44. b5 hxg4 45. hxg4 1-0

[Event "Masters Tournament (MTO)"]
[Site "Biel, Switzerland"]
[Date "2026.07.16"]
[Round "4.45"]
[White "Joly, Fabrice"]
[Black "Carey, Michael"]
[Result "1-0"]
[TimeControl "100+30+30sec/move"]
[WhiteTitle "-"]
[BlackTitle "-"]
[WhiteFideId "612235"]
[BlackFideId "30923760"]
[WhiteElo "1907"]
[BlackElo "1946"]

1. d4 Nf6 2. c4 c5 3. d5 b5 4. cxb5 a6 5. g4 d6 6. g5 Nfd7 7. bxa6 g6 8. h4 Bg7 9. Nc3 Bxa6 10.
Bg2 Nb6 11. Nf3 N8d7 12. Qc2 Bb7 13. e4 Nc4 14. h5 Qa5 15. O-O O-O 16. Rd1 Rfb8 17. Nd2 Ba6 18. Nxc4 Bxc4 19. Bd2 Qa6 20.
Be1 Ne5 21. b3 Bd3 22. Qd2 c4 23. Kh1 gxh5 24. f4 Ng4 25. bxc4 Bxc4 26. Bf3 Rc8 27. Rac1 Qa7 28. Bxg4 hxg4 29.
Bf2 Qd7 30. Bd4 g3 31. f5 Bxd4 32. Qxd4 Qa7 33. Qxa7 Rxa7 34. f6 exf6 35. gxf6 g2+ 36. Kxg2 Bxa2 37. Nxa2 Rxa2+ 38. Kf3 Rca8 39. Rg1+ Kf8 40.
Rg2 R2a3+ 41. Kf4 Ra1 42. Rxa1 Rxa1 43. Rb2 Rf1+ 44. Kg5 Rg1+ 45. Kh4 Ke8 46. Rb8+ Kd7 47. Rf8 Rh1+ 48. Kg3 Rf1 49.
Rxf7+ Kd8 50. Kg4 Ke8 51. Re7+ Kf8 52. Kg5 h6+ 53. Kg6 Rg1+ 54. Kf5 Re1 55. Rh7 1-0

[Event "Masters Tournament (MTO)"]
[Site "Biel, Switzerland"]
[Date "2026.07.16"]
[Round "4.46"]
[White "Simon, Ralf-Axel"]
[Black "Alsaleh, Eissa"]
[Result "0-1"]
[TimeControl "100+30+30sec/move"]
[WhiteTitle "-"]
[BlackTitle "-"]
[WhiteFideId "4603125"]
[BlackFideId "10312463"]
[WhiteElo "1935"]
[BlackElo "1908"]

1. d4 g6 2. e4 d6 3. c4 Nf6 4. Nc3 Bg7 5. Nf3 O-O 6. Be2 c5 7. O-O h5 8. d5 a6 9. Rb1 b6 10. a3 Bb7 11. Qc2 e6 12.
dxe6 Nc6 13. exf7+ Rxf7 14. Rd1 Ng4 15. Bg5 Qf8 16. h3 Nge5 17. Nd5 Nxf3+ 18. Bxf3 Nd4 19. Qd3 Rxf3 20. gxf3 Nxf3+ 21. Kg2 Nxg5 22. Qg3 Nxe4 23.
Qe3 Re8 24. Re1 Bd4 25. Qf3 Qxf3+ 0-1

[Event "Masters Tournament (MTO)"]
[Site "Biel, Switzerland"]
[Date "2026.07.16"]
[Round "4.47"]
[White "Magnussen, Petur Gardar"]
[Black "Celis, Joel"]
[Result "0-1"]
[TimeControl "100+30+30sec/move"]
[WhiteTitle "-"]
[BlackTitle "-"]
[WhiteFideId "7203802"]
[BlackFideId "15400212"]
[WhiteElo "1957"]
[BlackElo "1981"]

1. e4 c5 2. Nf3 Nc6 3. d4 cxd4 4. Nxd4 g6 5. Nc3 Bg7 6. Be3 Nf6 7. Bc4 d6 8. f3 Qb6 9. Bb5 Qc7 10. Qd2 a6 11. Bxc6+ bxc6 12. g4 Rb8 13. O-O-O Qb7 14. b3 Nd7 15. Bh6 Bf6 16. f4 c5 17. Nde2 Qb4 18. Kb1 c4 19. e5 cxb3 20. cxb3 dxe5 21. g5 Bxg5 22. Bxg5 f6 23. Bh4 O-O 24. Nd5 Qe4+ 25. Kb2 Nb6 26. Nxb6 Rxb6 27. Qd5+ Qxd5 28. Rxd5 Bb7 29. Rhd1 Bxd5 30. Rxd5
exf4 31. Nxf4 g5 32. Bf2
Rc6 33. Nd3 Rfc8 34. Nb4 Re6 35. Rd2 Kf7 36. Nd3 Rd6 37. Bg3 Rd5 38. Rc2 Rxc2+ 39. Kxc2 e5 40. Nb4 Rd6 41. Kc3 h5 42. h3 g4 43. h4 Ke6 44. Nd3 Kd5 45. Nf2 Rc6+ 46. Kd3 f5 47. Nd1 f4 48. Be1 e4+ 49. Kd2 Kd4 0-1